 Dungeon Crawl Stone Soup version 0.30.1-11-g7821555f0a (webtiles) character file.

Game seed: 7371283743238550316

35 Okkudo the Chopper (level 3, -1/33 HPs)
             Began as a Hill Orc Monk on Dec 6, 2023.
             Slain by Natasha (3 damage)
             ... on level 2 of the Dungeon.
             The game lasted 00:02:20 (921 turns).

Okkudo the Chopper (Hill Orc Monk)                   Turns: 921, Time: 00:02:20

Health: -1/33      AC:  6    Str: 15    XL:     3   Next: 35%
Magic:  3/3        EV: 10    Int: 10    God:
Gold:   34         SH:  0    Dex: 13    Spells: 2/2 levels left

rFire   . . .        a - +0 hand axe
rCold   . . .        d - orb {light}
rNeg    . . .        e - +0 scale mail
rPois   .            (no helmet)
rElec   .            (no cloak)
rCorr   .            (no gloves)
SInv    .            (no boots)
Will    .....        (no amulet) Stlth
                     (no ring)
HPRegen 0.25/turn    (no ring)
MPRegen 0.08/turn

%: no passive effects
@: glowing
A: no striking features
a: no special abilities


You were on level 2 of the Dungeon.
You visited 1 branch of the dungeon, and saw 2 of its levels.

You collected 34 gold pieces.

Inventory:

Hand Weapons
 a - a +0 hand axe (weapon)
Armour
 b - a +0 robe
 d - an orb of light (worn)
 e - a +0 scale mail (worn)
Scrolls
 g - a scroll of enchant weapon {unknown}
 h - a scroll of identify {unknown}
 i - a scroll of immolation {unknown}
 k - a scroll of poison {unknown}
Potions
 c - a potion of ambrosia
 f - a potion of lignification {unknown}
 j - a potion of might {unknown}


   Skills:
 + Level 4.2 Fighting
 * Level 5.3 Axes
 - Level 2.4 Dodging


You had 2 spell levels left.
You didn't know any spells.
Your spell library was empty.

Dungeon Overview and Level Annotations

Branches:
Dungeon (2/15)

Altars:

Annotations:
D:2 Natasha


Message History

Moving in this stuff is going to be slow.
There is an open door here.
You see here a +0 club.
There is an open door here.
There is a stone staircase leading down here.
Unknown command.
You climb downwards.
Found a scroll labelled KOEMOA RITOING.
There is a stone staircase leading up here.
k - a scroll labelled KOEMOA RITOING
Found a stone staircase leading down.
Natasha, Servant of Life and Death comes into view.
Natasha hisses angrily.
Natasha stares at you and mumbles some strange words.
The magic dart hits you!
Natasha howls an incantation.
You feel disoriented.
You barely miss Natasha. Natasha claws you!
You hit Natasha but do no damage. Natasha claws you.
You hit Natasha.
Natasha is lightly wounded.
Natasha closely misses you.
You completely miss Natasha.
Natasha is lightly wounded.
Natasha claws you.
You hit Natasha.
Natasha is heavily wounded.
Natasha claws you.
You hit Natasha.
Natasha is heavily wounded.
Natasha stares at you and mumbles some strange words.
You resist with significant effort.
You hit Natasha.
Natasha is severely wounded.
Natasha claws you!
* * * LOW HITPOINT WARNING * * *
You hit Natasha.
Natasha is almost dead.
Natasha claws you.
You die...

#.. #...## ######
....+.#### #....####
#........# #.......#
#.#.#.#.#..# #.....#
..#........####.h...####
....#.#.#.......@...>...
#.........####......###
#.#.#.#.## #####..#
#.......# .# ###.....###
# ###<....# #.....#
###...# #...#


You could see Natasha.

Vanquished Creatures
  A dart slug (D:1)
  5 ball pythons (D:1)
  5 endoplasms (D:1)
  A giant cockroach (D:1)
  A goblin (D:1)
  2 quokkas (D:1)
  4 bats (D:1)
  A frilled lizard (D:1)
  6 kobolds (D:1)
  5 rats (D:1)
31 creatures vanquished.

Notes
Turn   | Place    | Note
-------+----------+-------------------------------------------
     0 | D:1      | Okkudo the Hill Orc Monk began the quest for the Orb.
     0 | D:1      | Reached XP level 1. HP: 19/19 MP: 1/1
    78 | D:1      | Reached XP level 2. HP: 21/27 MP: 2/2
   357 | D:1      | Reached skill level 5 in Axes
   359 | D:1      | Reached XP level 3. HP: 18/33 MP: 3/3
   911 | D:2      | Noticed Natasha
   921 | D:2      | Slain by Natasha

Illustrated notes

Levels and vault maps discovered:
D:1:      lightli_arrival_farm, layout_basic, st_stairs_9,
          minmay_misc_feat_nine_boxes, minmay_shallow_snake_nest
D:2:      layout_basic, serial_glass, glass_columns_b, glass_columns_b,
          uniq_natasha

Skill      XL: |  1  2 |
---------------+-------+-----
Fighting       | 4 |  4.2
Axes           | 5 |  5.3
Dodging        | |  2.4

Action                     || total
---------------------------++-------
  Melee: Hand axe          ||    89
 Armour: Scale mail        ||    28
  Dodge: Dodged            ||    60
